Avalanche vs Rangers

Created - 21 mars 2018 at 18:32

Goals
1 2 3 T
Avalanche 1 2 0 3
Rangers 1 1 0 2
Shots
1 2 3 T
Avalanche 4 14 7 25
Rangers 8 4 14 26

1st period

1. Avalanche , Mitch Marner 16 (Deryk Engelland 9) at 17:01
2. Rangers , James Neal 23 (Connor McDavid 53, Anthony Mantha 24) at 18:06

Penalties :
Ondrej Palat (NYR) for Interference (Minor) at 19:06

2nd period

3. Rangers , Anthony Mantha 11 (Vincent Trocheck 30, Matt Niskanen 42) at 5:22 (PP)
4. Avalanche , Kevin Shattenkirk 16 (Derek Stepan 34, Jaccob Slavin 22) at 12:15 (PP)
5. Avalanche , Deryk Engelland 3 (Matt Cullen 5, Ryan Dzingel 1) at 15:18

Penalties :
Tomas Hertl (COL) for Holding Stick (Minor) at 1:33, Mitch Marner (COL) for Tripping (Minor) at 5:14, Matt Niskanen (NYR) for Interference (Minor) at 11:22, Kevin Shattenkirk (COL) for Roughing (Minor) at 17:09

3rd period

No Goal

Penalties :
Martin Hanzal (COL) for Delaying the game (Minor) at 5:37, Derek Stepan (COL) for Holding (Minor) at 7:37

Goalie Stats

Jimmy Howard (COL), 24 saves from 26 shots - (0.923), W, 16-9-3, 60:00 minutes
Brian Elliott (NYR), 22 saves from 25 shots - (0.880), L, 18-21-5, 59:08 minutes

Players Stats for Avalanche

Player Name              G  A  P  +/- PIM S  H  SB GA TA FO     MP     PP MP  PK MP  
------------------------------------------------------------------------------------
Alexander Steen          0  0  0   1  0   3  0  0  0  0  0/1    20:45   2:06   4:00 
Alexandre Burrows        0  0  0   1  0   0  2  0  0  0  0/0     9:45   0:00   4:04 
Brandon Carlo            0  0  0   2  0   0  0  0  0  0  0/0    19:18   0:00   4:28 
David Krejci             0  0  0  -1  0   3  1  0  0  0  9/18   18:20   2:06   0:26 
Derek Stepan             0  1  1  -1  2   5  1  0  0  0  0/0    16:33   0:46   0:00 
Deryk Engelland          1  1  2   2  0   1  3  1  0  0  0/0    18:49   0:00   2:55 
Dylan Larkin             0  0  0   0  0   1  1  0  0  0  1/2    15:59   0:00   1:46 
Jaccob Slavin            0  1  1  -1  0   0  2  3  0  0  0/0    22:16   0:46   4:40 
Kevin Shattenkirk        1  0  1  -1  2   2  5  1  0  0  0/0    19:14   0:46   0:37 
Martin Hanzal            0  0  0   1  2   3  0  0  0  0  18/25  14:56   0:46   0:00 
Mats Zuccarello          0  0  0  -1  0   0  4  0  0  0  1/2    17:54   2:06   0:00 
Matt Cullen              0  1  1   1  0   1  0  0  0  0  4/15    8:51   0:00   3:59 
Max Domi                 0  0  0   0  0   1  2  0  0  0  0/0    14:13   0:00   0:00 
Mitch Marner             1  0  1   1  2   3  0  0  0  0  1/1    14:07   0:46   0:00 
Ryan Dzingel             0  1  1   1  0   1  0  0  0  0  0/0     4:52   0:00   0:00 
Sami Vatanen             0  0  0   0  0   1  1  0  0  0  0/0    18:14   2:06   0:16 
Tomas Hertl              0  0  0   0  2   0  1  0  0  0  7/13   16:05   0:00   1:53 
Zach Werenski            0  0  0   0  0   0  1  0  0  0  0/0    21:40   2:06   3:12 

Players Stats for Rangers

Player Name              G  A  P  +/- PIM S  H  SB GA TA FO     MP     PP MP  PK MP  
------------------------------------------------------------------------------------
Alex Goligoski           0  0  0   0  0   1  6  2  0  0  0/0    21:54   3:17   1:11 
Alexei Emelin            0  0  0  -1  0   0  4  3  0  0  0/0    18:28   1:29   2:21 
Anthony Mantha           1  1  2   1  0   3  0  0  0  0  1/2    18:39   3:33   0:00 
Benoit Pouliot           0  0  0   0  0   0  1  0  0  0  0/1    10:21   0:02   0:06 
Brandon Pirri            0  0  0  -2  0   3  0  0  0  0  0/1     9:30   0:38   0:00 
Cedric Paquette          0  0  0  -2  0   0  2  0  0  0  0/0    13:32   3:31   1:09 
Connor McDavid           0  1  1   1  0   7  0  0  0  0  10/25  20:58   4:31   1:10 
James Neal               1  0  1   1  0   2  1  0  0  0  0/0    19:10   3:53   0:00 
Jamie McGinn             0  0  0   0  0   1  0  0  0  0  0/0    14:42   0:00   0:00 
Mark Letestu             0  0  0   0  0   1  0  0  0  0  3/6    10:13   0:00   0:00 
Matt Niskanen            0  1  1   0  2   1  1  0  0  0  0/0    23:40   4:47   0:31 
Michael Del Zotto        0  0  0   0  0   0  2  1  0  0  0/0    19:20   3:17   0:00 
Mikkel Boedker           0  0  0   0  0   1  0  0  0  0  0/0    10:13   0:00   0:00 
Nick Bonino              0  0  0  -2  0   0  1  1  0  0  7/13   10:01   0:00   1:09 
Nick Leddy               0  0  0   0  0   2  0  0  0  0  0/0    20:18   3:18   0:00 
Nick Schultz             0  0  0  -1  0   0  0  0  0  0  0/0    16:19   0:00   1:41 
Ondrej Palat             0  0  0   0  2   2  5  0  0  0  0/2    19:50   4:31   0:27 
Vincent Trocheck         0  1  1   0  0   2  1  0  0  0  15/27  19:58   3:33   1:43 

3 Stars

1 - Deryk Engelland (COL)
2 - Anthony Mantha (NYR)
3 - James Neal (NYR)

Power Play

Avalanche - 1 on 2 Attempt(s) - 50.00%
Rangers - 1 on 5 Attempt(s) - 20.00%

Penalty Kill

Avalanche - 4 on 5 Attempt(s) - 80.00% - Score 0 goal in Penalty Kill
Rangers - 1 on 2 Attempt(s) - 50.00% - Score 0 goal in Penalty Kill

Team Stat

Avalanche - Hits : 24 - Faceoff Wins : 41 - Blocked Shots : 5 - Penalty Minutes : 10
Rangers - Hits : 24 - Faceoff Wins : 36 - Blocked Shots : 7 - Penalty Minutes : 4

Official

Referees : Jacob Brenk and Francois StLaurent
Linesman : Trent Knorr and Brian Murphy

Game Notes

No Game Note

Finance

Level 1 -- Attendance: 4595 (70.69%) -- Ticket Income 574 375 $
Level 2 -- Attendance: 4592 (91.84%) -- Ticket Income 344 400 $
Level 3 -- Attendance: 3403 (97.23%) -- Ticket Income 170 150 $
Level 4 -- Attendance: 2006 (100.00%) -- Ticket Income 50 150 $
Luxury Box -- Attendance: 771 (77.10%) -- Ticket Income 192 750 $
Game was played at the Madison Square Garden.
Total Attendance: 15367 (85.34%)
Total Ticket Income: 1 331 825 $
Other Income: 199 774 $
Total Income: 1 531 599 $

% Time on Ice - Avalanche

Lines # - Real PCT - Wanted PCT - Time Play
Normal Forward
1 - 33% - 32% - 15:48
2 - 28% - 30% - 13:22
3 - 29% - 30% - 14:13
4 - 10% - 8% - 4:52
Normal Defense
1 - 33% - 32% - 16:01
2 - 33% - 30% - 15:52
3 - 29% - 28% - 14:00
4 - 5% - 10% - 2:22
PP Forward
1 - 73% - 50% - 2:06
2 - 27% - 50% - 0:46
PP Defense
1 - 27% - 50% - 0:46
2 - 73% - 50% - 2:06
PK Forward
1 - 70% - 60% - 5:39
2 - 30% - 40% - 2:25
PK Defense
1 - 59% - 60% - 4:46
2 - 41% - 40% - 3:18
PK3 Forward
1 - 0% - 60%
2 - 0% - 40%
PK3 Defense
1 - 0% - 60%
2 - 0% - 40%
44 Forward
1 - 0% - 50%
2 - 0% - 50%
44 Defense
1 - 0% - 50%
2 - 0% - 50%
Last Minute Offensive  - 0:00
Last Minute Defensive  - 0:49
Total
Forward - 60:00
Defense - 60:00

% Time on Ice - Rangers

Lines # - Real PCT - Wanted PCT - Time Play
Normal Forward
1 - 30% - 38% - 14:20
2 - 31% - 32% - 14:42
3 - 18% - 20% - 8:52
4 - 21% - 10% - 10:13
Normal Defense
1 - 36% - 39% - 17:26
2 - 33% - 36% - 16:03
3 - 30% - 25% - 14:38
4 - 0% - 0% - 0:00
PP Forward
1 - 56% - 65% - 4:31
2 - 44% - 35% - 3:33
PP Defense
1 - 59% - 65% - 4:47
2 - 41% - 35% - 3:17
PK Forward
1 - 60% - 55% - 1:43
2 - 40% - 45% - 1:09
PK Defense
1 - 41% - 60% - 1:11
2 - 59% - 40% - 1:41
PK3 Forward
1 - 0% - 55%
2 - 0% - 45%
PK3 Defense
1 - 0% - 65%
2 - 0% - 35%
44 Forward
1 - 0% - 51%
2 - 0% - 49%
44 Defense
1 - 0% - 55%
2 - 0% - 45%
Last Minute Offensive  - 0:57
Last Minute Defensive  - 0:00
Total
Forward - 60:00
Defense - 60:00

Play by Play

1st period


0:01 of 1st period - Connor McDavid wins face-off versus David Krejci in neutral zone.
0:19 of 1st period - Connor McDavid is hit by Kevin Shattenkirk and loses puck.
0:49 of 1st period - Icing by Anthony Mantha.
0:50 of 1st period - Dylan Larkin wins face-off versus Connor McDavid in Rangers zone.
1:41 of 1st period - Shot by Ondrej Palat.
1:41 of 1st period - Stopped by Jimmy Howard without a rebound.
1:42 of 1st period - Matt Cullen wins face-off versus Nick Bonino in Avalanche zone.
1:52 of 1st period - Zach Werenski is hit by Cedric Paquette and loses puck.
2:29 of 1st period - Icing by Zach Werenski.
2:30 of 1st period - Mark Letestu wins face-off versus Matt Cullen in Avalanche zone.
2:59 of 1st period - Alexander Steen is hit by Benoit Pouliot and loses puck.
3:53 of 1st period - Brandon Carlo is hit by Ondrej Palat and loses puck.
5:35 of 1st period - Shot by Matt Cullen.
5:35 of 1st period - Stopped by Brian Elliott without a rebound.
5:36 of 1st period - Nick Bonino wins face-off versus David Krejci in Rangers zone.
6:15 of 1st period - Derek Stepan is hit by Cedric Paquette and loses puck.
6:23 of 1st period - Icing by Jaccob Slavin.
6:24 of 1st period - David Krejci wins face-off versus Connor McDavid in Avalanche zone.
6:59 of 1st period - Shot by James Neal.
6:59 of 1st period - Shot Misses the Net.
7:07 of 1st period - Shot by Max Domi.
7:07 of 1st period - Shot Misses the Net.
8:20 of 1st period - Icing by Deryk Engelland.
8:21 of 1st period - Martin Hanzal wins face-off versus Nick Bonino in Avalanche zone.
9:29 of 1st period - Shot by Tomas Hertl.
9:29 of 1st period - Shot Misses the Net.
9:45 of 1st period - Zach Werenski is hit by Ondrej Palat and loses puck.
10:11 of 1st period - Shot by Derek Stepan.
10:11 of 1st period - Shot Misses the Net.
10:19 of 1st period - Shot by David Krejci.
10:19 of 1st period - Shot Misses the Net.
10:30 of 1st period - Connor McDavid is hit by Kevin Shattenkirk and loses puck.
11:12 of 1st period - Shot by Alexandre Burrows.
11:12 of 1st period - Shot Misses the Net.
12:00 of 1st period - Shot by David Krejci.
12:00 of 1st period - Shot Misses the Net.
12:18 of 1st period - Shot by David Krejci.
12:18 of 1st period - Stopped by Brian Elliott without a rebound.
12:19 of 1st period - Nick Bonino wins face-off versus Matt Cullen in Rangers zone.
12:40 of 1st period - Shot by Nick Bonino.
12:40 of 1st period - Deflect By Brandon Pirri.
12:40 of 1st period - Stopped by Jimmy Howard with a rebound.
13:30 of 1st period - Shot by Anthony Mantha.
13:30 of 1st period - Stopped by Jimmy Howard without a rebound.
13:31 of 1st period - Vincent Trocheck wins face-off versus David Krejci in Avalanche zone.
13:48 of 1st period - Shot by Vincent Trocheck.
13:48 of 1st period - Shot Blocked by Jaccob Slavin.
13:58 of 1st period - Shot by Vincent Trocheck.
13:58 of 1st period - Shot Blocked by Jaccob Slavin.
14:03 of 1st period - Kevin Shattenkirk is hit by Ondrej Palat and loses puck.
14:32 of 1st period - Shot by Brandon Pirri.
14:32 of 1st period - Stopped by Jimmy Howard without a rebound.
14:33 of 1st period - Connor McDavid wins face-off versus Martin Hanzal in Avalanche zone.
14:33 of 1st period - Connor McDavid is hit by Deryk Engelland.
14:35 of 1st period - Shot by Anthony Mantha.
14:35 of 1st period - Shot Blocked by Deryk Engelland.
14:54 of 1st period - Shot by Alexander Steen.
14:54 of 1st period - Shot Blocked by Michael Del Zotto.
16:05 of 1st period - Shot by Brandon Pirri.
16:05 of 1st period - Stopped by Jimmy Howard without a rebound.
16:06 of 1st period - Vincent Trocheck wins face-off versus David Krejci in Avalanche zone.
16:18 of 1st period - Ondrej Palat is hit by Mats Zuccarello and loses puck.
17:01 of 1st period - Shot by Mitch Marner.
17:01 of 1st period - Goal by Mitch Marner - Avalanche : 1 - Rangers : 0.
17:02 of 1st period - Matt Cullen wins face-off versus Connor McDavid in neutral zone.
17:05 of 1st period - Anthony Mantha is hit by Alexandre Burrows and loses puck.
17:20 of 1st period - Shot by James Neal.
17:20 of 1st period - Stopped by Jimmy Howard without a rebound.
17:21 of 1st period - Martin Hanzal wins face-off versus Brandon Pirri in Avalanche zone.
17:21 of 1st period - Martin Hanzal is hit by Nick Bonino.
17:29 of 1st period - Shot by Martin Hanzal.
17:29 of 1st period - Stopped by Brian Elliott without a rebound.
17:30 of 1st period - Connor McDavid wins face-off versus Tomas Hertl in Rangers zone.
17:37 of 1st period - Shot by Connor McDavid.
17:37 of 1st period - Stopped by Jimmy Howard without a rebound.
17:38 of 1st period - Martin Hanzal wins face-off versus Connor McDavid in Avalanche zone.
17:50 of 1st period - Icing by Anthony Mantha.
17:51 of 1st period - Connor McDavid wins face-off versus David Krejci in Rangers zone.
17:51 of 1st period - Connor McDavid is hit by Mats Zuccarello.
17:56 of 1st period - Anthony Mantha is hit by David Krejci.
18:04 of 1st period - Shot by Connor McDavid.
18:04 of 1st period - Shot Misses the Net.
18:06 of 1st period - Shot by James Neal.
18:06 of 1st period - Goal by James Neal - Avalanche : 1 - Rangers : 1.
18:07 of 1st period - Martin Hanzal wins face-off versus Vincent Trocheck in neutral zone.
18:17 of 1st period - Icing by Matt Niskanen.
18:18 of 1st period - Vincent Trocheck wins face-off versus Tomas Hertl in Rangers zone.
18:39 of 1st period - Ondrej Palat is hit by Tomas Hertl.
19:06 of 1st period - Minor Penalty to Ondrej Palat for Interference.
19:07 of 1st period - Nick Bonino wins face-off versus Alexander Steen in Rangers zone.
Goals for this period are 1 for Avalanche vs 1 for Rangers.
Shots for this period are 4 for Avalanche vs 8 for Rangers.

2nd period


0:01 of 2nd period - Vincent Trocheck wins face-off versus Martin Hanzal in neutral zone.
0:14 of 2nd period - Shot by Kevin Shattenkirk.
0:14 of 2nd period - Stopped by Brian Elliott without a rebound.
0:15 of 2nd period - David Krejci wins face-off versus Vincent Trocheck in Rangers zone.
1:21 of 2nd period - Mark Letestu is hit by Dylan Larkin and loses puck.
1:29 of 2nd period - Benoit Pouliot is hit by Max Domi and loses puck.
1:33 of 2nd period - Minor Penalty to Tomas Hertl for Holding Stick.
1:34 of 2nd period - Connor McDavid wins face-off versus Matt Cullen in Avalanche zone.
1:34 of 2nd period - Connor McDavid is hit by Jaccob Slavin.
2:12 of 2nd period - Shot by Ondrej Palat.
2:12 of 2nd period - Shot Misses the Net.
2:50 of 2nd period - Shot by Anthony Mantha.
2:50 of 2nd period - Deflect By Vincent Trocheck.
2:50 of 2nd period - Shot Misses the Net.
3:50 of 2nd period - Shot by Mikkel Boedker.
3:50 of 2nd period - Stopped by Jimmy Howard without a rebound.
3:51 of 2nd period - Nick Bonino wins face-off versus Tomas Hertl in Avalanche zone.
3:51 of 2nd period - Nick Bonino is hit by Zach Werenski.
3:58 of 2nd period - Icing by Max Domi.
3:59 of 2nd period - Mark Letestu wins face-off versus Tomas Hertl in Avalanche zone.
3:59 of 2nd period - Matt Niskanen is hit by Sami Vatanen and loses puck.
4:03 of 2nd period - Icing by Tomas Hertl.
4:04 of 2nd period - Tomas Hertl wins face-off versus Mark Letestu in Avalanche zone.
4:04 of 2nd period - Sami Vatanen is hit by Alexei Emelin and loses puck.
5:14 of 2nd period - Minor Penalty to Mitch Marner for Tripping.
5:15 of 2nd period - Vincent Trocheck wins face-off versus Matt Cullen in Avalanche zone.
5:22 of 2nd period - Shot by Vincent Trocheck.
5:22 of 2nd period - Deflect By Anthony Mantha.
5:22 of 2nd period - Goal by Anthony Mantha - Avalanche : 1 - Rangers : 2.
5:23 of 2nd period - David Krejci wins face-off versus Vincent Trocheck in neutral zone.
5:52 of 2nd period - Shot by David Krejci.
5:52 of 2nd period - Stopped by Brian Elliott without a rebound.
5:53 of 2nd period - Martin Hanzal wins face-off versus Connor McDavid in Rangers zone.
6:04 of 2nd period - Shot by Connor McDavid.
6:04 of 2nd period - Deflect By Anthony Mantha.
6:04 of 2nd period - Stopped by Jimmy Howard without a rebound.
6:05 of 2nd period - Tomas Hertl wins face-off versus Nick Bonino in Avalanche zone.
6:20 of 2nd period - Shot by Dylan Larkin.
6:20 of 2nd period - Stopped by Brian Elliott without a rebound.
6:21 of 2nd period - Martin Hanzal wins face-off versus Connor McDavid in Rangers zone.
6:31 of 2nd period - Michael Del Zotto is hit by Jaccob Slavin.
6:38 of 2nd period - Off-side.
6:39 of 2nd period - David Krejci wins face-off versus Vincent Trocheck in neutral zone.
6:49 of 2nd period - Derek Stepan is hit by Matt Niskanen.
7:01 of 2nd period - Shot by Derek Stepan.
7:01 of 2nd period - Shot Misses the Net.
7:06 of 2nd period - Icing by Ondrej Palat.
7:07 of 2nd period - Martin Hanzal wins face-off versus Ondrej Palat in Rangers zone.
9:06 of 2nd period - Shot by Dylan Larkin.
9:06 of 2nd period - Deflect By Max Domi.
9:06 of 2nd period - Shot Misses the Net.
9:08 of 2nd period - Shot by Dylan Larkin.
9:08 of 2nd period - Shot Blocked by Nick Bonino.
9:44 of 2nd period - Matt Cullen is hit by Alexei Emelin and loses puck.
9:49 of 2nd period - Shot by Ryan Dzingel.
9:49 of 2nd period - Stopped by Brian Elliott without a rebound.
9:50 of 2nd period - Mark Letestu wins face-off versus Martin Hanzal in Rangers zone.
9:56 of 2nd period - Shot by Martin Hanzal.
9:56 of 2nd period - Shot Misses the Net.
10:12 of 2nd period - Shot by Martin Hanzal.
10:12 of 2nd period - Stopped by Brian Elliott without a rebound.
10:13 of 2nd period - David Krejci wins face-off versus Connor McDavid in Rangers zone.
10:38 of 2nd period - Shot by Derek Stepan.
10:38 of 2nd period - Stopped by Brian Elliott with a rebound.
10:50 of 2nd period - Shot by Derek Stepan.
10:50 of 2nd period - Stopped by Brian Elliott without a rebound.
10:51 of 2nd period - Martin Hanzal wins face-off versus Vincent Trocheck in Rangers zone.
10:52 of 2nd period - Shot by Mitch Marner.
10:52 of 2nd period - Stopped by Brian Elliott without a rebound.
10:53 of 2nd period - Martin Hanzal wins face-off versus Vincent Trocheck in Rangers zone.
10:53 of 2nd period - Martin Hanzal is hit by Alex Goligoski.
10:56 of 2nd period - Alexander Steen is hit by Alex Goligoski and loses puck.
11:22 of 2nd period - Minor Penalty to Matt Niskanen for Interference.
11:23 of 2nd period - Nick Bonino wins face-off versus David Krejci in Rangers zone.
11:57 of 2nd period - Shot by Sami Vatanen.
11:57 of 2nd period - Stopped by Brian Elliott without a rebound.
11:58 of 2nd period - Martin Hanzal wins face-off versus Vincent Trocheck in Rangers zone.
12:15 of 2nd period - Shot by Kevin Shattenkirk.
12:15 of 2nd period - Goal by Kevin Shattenkirk - Avalanche : 2 - Rangers : 2.
12:16 of 2nd period - Tomas Hertl wins face-off versus Connor McDavid in neutral zone.
12:22 of 2nd period - Dylan Larkin is hit by Michael Del Zotto and loses puck.
12:53 of 2nd period - Icing by Brandon Carlo.
12:54 of 2nd period - Vincent Trocheck wins face-off versus Tomas Hertl in Avalanche zone.
13:30 of 2nd period - Off-side.
13:31 of 2nd period - Nick Bonino wins face-off versus David Krejci in neutral zone.
14:02 of 2nd period - Shot by Brandon Pirri.
14:02 of 2nd period - Shot Blocked by Kevin Shattenkirk.
14:40 of 2nd period - Shot by Mitch Marner.
14:40 of 2nd period - Shot Misses the Net.
14:42 of 2nd period - Shot by Alexander Steen.
14:42 of 2nd period - Shot Blocked by Alexei Emelin.
14:54 of 2nd period - Shot by Martin Hanzal.
14:54 of 2nd period - Shot Misses the Net.
14:56 of 2nd period - Shot by Alexander Steen.
14:56 of 2nd period - Shot Misses the Net.
15:11 of 2nd period - Alexandre Burrows is hit by Alexei Emelin and loses puck.
15:16 of 2nd period - Shot by Matt Cullen.
15:16 of 2nd period - Shot Blocked by Alexei Emelin.
15:18 of 2nd period - Shot by Deryk Engelland.
15:18 of 2nd period - Goal by Deryk Engelland - Avalanche : 3 - Rangers : 2.
15:19 of 2nd period - Anthony Mantha wins face-off versus Tomas Hertl in neutral zone.
15:25 of 2nd period - Shot by Connor McDavid.
15:25 of 2nd period - Stopped by Jimmy Howard without a rebound.
15:26 of 2nd period - David Krejci wins face-off versus Connor McDavid in Avalanche zone.
15:33 of 2nd period - Michael Del Zotto is hit by Derek Stepan and loses puck.
15:54 of 2nd period - Shot by David Krejci.
15:54 of 2nd period - Stopped by Brian Elliott without a rebound.
15:55 of 2nd period - Vincent Trocheck wins face-off versus Martin Hanzal in Rangers zone.
16:02 of 2nd period - Shot by Martin Hanzal.
16:02 of 2nd period - Stopped by Brian Elliott without a rebound.
16:03 of 2nd period - Mitch Marner wins face-off versus Vincent Trocheck in Rangers zone.
16:03 of 2nd period - Zach Werenski is hit by Alex Goligoski.
16:19 of 2nd period - Shot by Alexander Steen.
16:19 of 2nd period - Stopped by Brian Elliott without a rebound.
16:20 of 2nd period - Mats Zuccarello wins face-off versus Anthony Mantha in Rangers zone.
17:08 of 2nd period - Connor McDavid is hit by Kevin Shattenkirk and loses puck.
17:09 of 2nd period - Minor Penalty to Kevin Shattenkirk for Roughing.
17:10 of 2nd period - Connor McDavid wins face-off versus Matt Cullen in Avalanche zone.
18:17 of 2nd period - Jaccob Slavin is hit by Vincent Trocheck.
18:21 of 2nd period - Shot by Alexander Steen.
18:21 of 2nd period - Shot Blocked by Alex Goligoski.
18:24 of 2nd period - Icing by Alex Goligoski.
18:25 of 2nd period - Vincent Trocheck wins face-off versus Matt Cullen in Rangers zone.
18:55 of 2nd period - Shot by Alexei Emelin.
18:55 of 2nd period - Shot Misses the Net.
19:45 of 2nd period - Icing by Sami Vatanen.
19:46 of 2nd period - David Krejci wins face-off versus Vincent Trocheck in Avalanche zone.
19:46 of 2nd period - David Krejci is hit by Ondrej Palat.
19:53 of 2nd period - Zach Werenski is hit by Alex Goligoski and loses puck.
Goals for this period are 2 for Avalanche vs 1 for Rangers.
Shots for this period are 14 for Avalanche vs 4 for Rangers.

3rd period


0:01 of 3rd period - Connor McDavid wins face-off versus Martin Hanzal in neutral zone.
1:23 of 3rd period - Shot by Max Domi.
1:23 of 3rd period - Stopped by Brian Elliott without a rebound.
1:24 of 3rd period - Nick Bonino wins face-off versus David Krejci in Rangers zone.
1:43 of 3rd period - Shot by Derek Stepan.
1:43 of 3rd period - Stopped by Brian Elliott without a rebound.
1:44 of 3rd period - Matt Cullen wins face-off versus Benoit Pouliot in Rangers zone.
1:58 of 3rd period - Shot by Alexandre Burrows.
1:58 of 3rd period - Shot Misses the Net.
2:15 of 3rd period - Matt Cullen is hit by Alex Goligoski.
3:22 of 3rd period - Shot by Connor McDavid.
3:22 of 3rd period - Shot Misses the Net.
3:24 of 3rd period - Shot by Connor McDavid.
3:24 of 3rd period - Stopped by Jimmy Howard without a rebound.
3:25 of 3rd period - Connor McDavid wins face-off versus Mats Zuccarello in Avalanche zone.
3:37 of 3rd period - James Neal is hit by Kevin Shattenkirk and loses puck.
3:55 of 3rd period - James Neal is hit by Kevin Shattenkirk and loses puck.
4:06 of 3rd period - Shot by Connor McDavid.
4:06 of 3rd period - Shot Misses the Net.
4:16 of 3rd period - Shot by Ondrej Palat.
4:16 of 3rd period - Stopped by Jimmy Howard with a rebound.
4:18 of 3rd period - Shot by Vincent Trocheck.
4:18 of 3rd period - Deflect By Jamie McGinn.
4:18 of 3rd period - Stopped by Jimmy Howard with a rebound.
4:37 of 3rd period - Nick Schultz is hit by Mats Zuccarello and loses puck.
4:41 of 3rd period - Icing by Alexei Emelin.
4:42 of 3rd period - Martin Hanzal wins face-off versus Vincent Trocheck in Rangers zone.
4:51 of 3rd period - Shot by Alexander Steen.
4:51 of 3rd period - Stopped by Brian Elliott without a rebound.
4:52 of 3rd period - Tomas Hertl wins face-off versus Nick Bonino in Rangers zone.
5:37 of 3rd period - Minor Penalty to Martin Hanzal for Delaying the game.
5:38 of 3rd period - Matt Cullen wins face-off versus Connor McDavid in Avalanche zone.
6:39 of 3rd period - Icing by Michael Del Zotto.
6:40 of 3rd period - Vincent Trocheck wins face-off versus Matt Cullen in Rangers zone.
6:57 of 3rd period - Shot by Vincent Trocheck.
6:57 of 3rd period - Shot Blocked by Jaccob Slavin.
7:37 of 3rd period - Minor Penalty to Derek Stepan for Holding.
7:38 of 3rd period - Vincent Trocheck wins face-off versus Matt Cullen in Avalanche zone.
7:39 of 3rd period - Shot by Matt Niskanen.
7:39 of 3rd period - Stopped by Jimmy Howard without a rebound.
7:40 of 3rd period - Vincent Trocheck wins face-off versus Matt Cullen in Avalanche zone.
7:45 of 3rd period - Shot by Vincent Trocheck.
7:45 of 3rd period - Stopped by Jimmy Howard without a rebound.
7:46 of 3rd period - Vincent Trocheck wins face-off versus Matt Cullen in Avalanche zone.
8:07 of 3rd period - Shot by Alex Goligoski.
8:07 of 3rd period - Stopped by Jimmy Howard without a rebound.
8:08 of 3rd period - Tomas Hertl wins face-off versus Ondrej Palat in Avalanche zone.
9:32 of 3rd period - Alexander Steen is hit by Alex Goligoski and loses puck.
10:03 of 3rd period - Shot by Mats Zuccarello.
10:03 of 3rd period - Shot Misses the Net.
10:05 of 3rd period - Shot by Derek Stepan.
10:05 of 3rd period - Shot Blocked by Alexei Emelin.
10:07 of 3rd period - Shot by Mats Zuccarello.
10:07 of 3rd period - Shot Misses the Net.
10:09 of 3rd period - Shot by Derek Stepan.
10:09 of 3rd period - Stopped by Brian Elliott without a rebound.
10:10 of 3rd period - Vincent Trocheck wins face-off versus Dylan Larkin in Rangers zone.
10:51 of 3rd period - Off-side.
10:52 of 3rd period - David Krejci wins face-off versus Connor McDavid in neutral zone.
11:25 of 3rd period - Shot by Nick Leddy.
11:25 of 3rd period - Stopped by Jimmy Howard without a rebound.
11:26 of 3rd period - Martin Hanzal wins face-off versus Mark Letestu in Avalanche zone.
11:44 of 3rd period - Alexander Steen is hit by Alexei Emelin and loses puck.
11:59 of 3rd period - Shot by Mitch Marner.
11:59 of 3rd period - Stopped by Brian Elliott without a rebound.
12:00 of 3rd period - Vincent Trocheck wins face-off versus Matt Cullen in Rangers zone.
12:13 of 3rd period - Matt Niskanen is hit by Alexandre Burrows.
12:27 of 3rd period - Shot by Matt Cullen.
12:27 of 3rd period - Shot Blocked by Alex Goligoski.
12:55 of 3rd period - Shot by Connor McDavid.
12:55 of 3rd period - Stopped by Jimmy Howard without a rebound.
12:56 of 3rd period - Martin Hanzal wins face-off versus Connor McDavid in Avalanche zone.
12:56 of 3rd period - Martin Hanzal is hit by James Neal.
13:38 of 3rd period - Icing by Mitch Marner.
13:39 of 3rd period - Martin Hanzal wins face-off versus Nick Bonino in Avalanche zone.
13:52 of 3rd period - Alexei Emelin is hit by Deryk Engelland and loses puck.
14:31 of 3rd period - Shot by Max Domi.
14:31 of 3rd period - Shot Misses the Net.
14:36 of 3rd period - Alex Goligoski is hit by Max Domi and loses puck.
15:03 of 3rd period - Shot by Derek Stepan.
15:03 of 3rd period - Stopped by Brian Elliott without a rebound.
15:04 of 3rd period - David Krejci wins face-off versus Connor McDavid in Rangers zone.
15:06 of 3rd period - Mats Zuccarello is hit by Michael Del Zotto and loses puck.
16:22 of 3rd period - Shot by Vincent Trocheck.
16:22 of 3rd period - Stopped by Jimmy Howard without a rebound.
16:23 of 3rd period - Martin Hanzal wins face-off versus Nick Bonino in Avalanche zone.
16:40 of 3rd period - Shot by Alexander Steen.
16:40 of 3rd period - Stopped by Brian Elliott without a rebound.
16:41 of 3rd period - Tomas Hertl wins face-off versus Mark Letestu in Rangers zone.
16:59 of 3rd period - Nick Leddy is hit by Deryk Engelland and loses puck.
17:04 of 3rd period - Shot by Mark Letestu.
17:04 of 3rd period - Stopped by Jimmy Howard without a rebound.
17:05 of 3rd period - Martin Hanzal wins face-off versus Connor McDavid in Avalanche zone.
17:21 of 3rd period - Icing by Kevin Shattenkirk.
17:22 of 3rd period - Martin Hanzal wins face-off versus Vincent Trocheck in Avalanche zone.
18:02 of 3rd period - Icing by Alexei Emelin.
18:03 of 3rd period - Tomas Hertl wins face-off versus Vincent Trocheck in Rangers zone.
18:25 of 3rd period - Deryk Engelland is hit by Ondrej Palat and loses puck.
18:46 of 3rd period - Icing by Nick Schultz.
18:47 of 3rd period - Vincent Trocheck wins face-off versus David Krejci in Rangers zone.
18:47 of 3rd period - Vincent Trocheck is hit by Mats Zuccarello.
19:08 of 3rd period - Rangers, Brian Elliott is pulled from the net.
19:10 of 3rd period - Shot by Connor McDavid.
19:10 of 3rd period - Stopped by Jimmy Howard without a rebound.
19:11 of 3rd period - Connor McDavid wins face-off versus Martin Hanzal in Avalanche zone.
19:16 of 3rd period - Shot by Connor McDavid.
19:16 of 3rd period - Stopped by Jimmy Howard without a rebound.
19:17 of 3rd period - Martin Hanzal wins face-off versus Connor McDavid in Avalanche zone.
19:34 of 3rd period - Shot by Nick Leddy.
19:34 of 3rd period - Stopped by Jimmy Howard with a rebound.
19:36 of 3rd period - Shot by Nick Leddy.
19:36 of 3rd period - Shot Misses the Net.
19:46 of 3rd period - Shot by Matt Niskanen.
19:46 of 3rd period - Shot Misses the Net.
19:48 of 3rd period - Shot by Connor McDavid.
19:48 of 3rd period - Stopped by Jimmy Howard without a rebound.
19:49 of 3rd period - Connor McDavid wins face-off versus Martin Hanzal in Avalanche zone.
Goals for this period are 0 for Avalanche vs 0 for Rangers.
Shots for this period are 7 for Avalanche vs 14 for Rangers.